 Dungeon Crawl Stone Soup version 0.15-a0-1569-gdbe329f (webtiles) character file.

6034 Econoterrorist the Covert (level 10, 0/44 HPs)
             Began as a Spriggan Enchanter on June 18, 2014.
             Was a Believer of Dithmenos.
             Killed from afar by an electric eel (9 damage)
             ... with a bolt of electricity
             ... on Level 9 of the Dungeon.
             The game lasted 00:56:38 (9777 turns).

Econoterrorist the Covert (Spriggan Enchanter)      Turns: 9777, Time: 00:56:38

HP   0/44        AC  4     Str  4      XL: 10   Next: 56%
MP  23/28        EV 26     Int 20      God: Dithmenos [**....]
Gold 296         SH  0     Dex 17      Spells:  4 memorised, 11 levels left

rFire  . . .     SeeInvis +     q - +1 cutlass (drain)
rCold  . . .     Clarity  .     b - +1 robe
rNeg   . . .     rCorr    +     (shield restricted)
rPois  .         rRot     .     (helmet restricted)
rElec  .         Spirit   .     s - +0 cloak
SustAb .         Warding  .     (gloves unavailable)
rMut   .         Stasis   .     (boots unavailable)
Gourm  .                        g - amulet of resist corrosion
MR     +....                    (no ring)
                                (no ring)

@: wreathed by umbra, very quick, somewhat resistant to hostile enchantments,
very stealthy
A: unfitting armour, see invisible, herbivore 3, speed 3, slow metabolism 2
a: Shadow Step, Renounce Religion


You were on level 9 of the Dungeon.
You worshipped Dithmenos.
Dithmenos was pleased with you.
You were not hungry.

You visited 2 branches of the dungeon, and saw 10 of its levels.

You collected 344 gold pieces.
You spent 48 gold pieces at shops.

Inventory:

Hand weapons
 q - a +1 cutlass of draining (weapon)
 H - a +1 vampiric dagger
 J - a +2 dagger of distortion
Missiles
 w - a throwing net (quivered)
Armour
 b - a +1 robe (worn)
 s - a +0 cloak (worn)
Magical devices
 a - a wand of teleportation (4)
 t - a wand of polymorph (6)
 D - a wand of paralysis (14)
 E - a wand of frost (3)
 F - a wand of cold (7) {unknown}
 G - a wand of magic darts (15)
Comestibles
 k - 7 bread rations
 v - 10 fruits
Scrolls
 i - 4 scrolls of identify
 l - 4 scrolls of remove curse
 n - 2 scrolls of amnesia {unknown}
 o - 4 scrolls of immolation {unknown}
 r - 2 scrolls of magic mapping {unknown}
 u - 2 scrolls of fog {unknown}
 x - 3 scrolls of teleportation {unknown}
 B - a scroll of recharging {unknown}
 C - a scroll of fear
Jewellery
 g - an amulet of resist corrosion (around neck)
 y - an uncursed ring of ice
Potions
 d - a potion of beneficial mutation {unknown}
 e - 3 potions of heal wounds {unknown}
 f - 2 potions of might
 j - 5 potions of haste
 m - a potion of cure mutation {unknown}
 p - 7 potions of curing
 z - a potion of invisibility
 I - a potion of restore abilities {unknown}
 K - 2 potions of berserk rage {unknown}
Books
 c - a book of Maledictions

   Spells                             Type                      Level
   *Corona                            Hexes                        1
   Sure Blade                         Hexes/Charms                 2
   *Ensorcelled Hibernation           Hexes/Ice                    2
   *Confuse                           Hexes                        3
   Dazzling Spray                     Conjuration/Hexes            3
   *Enslavement                       Hexes                        4
 h - a book of Beasts

   Spells                             Type                      Level
   Summon Butterflies                 Summoning                    1
   Call Canine Familiar               Summoning                    3
   Summon Ice Beast                   Ice/Summoning                4
   Summon Mana Viper                  Hexes/Summoning              5
   Monstrous Menagerie                Summoning                    6
   Summon Hydra                       Summoning                    7
 A - a book of the Earth

   Spells                             Type                      Level
   Leda's Liquefaction                Hexes/Earth                  4
   Bolt of Magma                      Conjuration/Fire/Earth       5
   Statue Form                        Transmutation/Earth          6
   Iron Shot                          Conjuration/Earth            6
   Shatter                            Earth                        9


   Skills:
 - Level 10.0 Short Blades
 - Level 10.0 Dodging
 + Level 13.3 Stealth
 - Level 6.1 Spellcasting
 - Level 8.0 Hexes


You had 11 spell levels left.
You knew the following spells:

 Your Spells              Type           Power        Failure   Level  Hunger
a - Corona                Hex            #####..      1%          1    None
b - Ensorcelled Hibernat  Hex/Ice        ###...       2%          2    None
c - Confuse               Hex            #####...     1%          3    ##.....
d - Enslavement           Hex            #####...     4%          4    ####...


Dungeon Overview and Level Annotations

Branches:
Dungeon (9/15)             Temple (1/1) D:7
    Orc: D:9-12        Lair: D:8-11

Altars:
Ashenzari
Cheibriados
Dithmenos
Elyvilon
Fedhas
Gozag
Kikubaaqudgha
Makhleb
Nemelex Xobeh
Okawaru
Qazlal
Sif Muna
Trog
Vehumet
Xom
Yredelemnul
Zin
The Shining One

Shops:
D:7 [   D:8 :[=   D:9 (


Innate Abilities, Weirdness & Mutations

You are tiny and cannot use many weapons and most armour.
You have supernaturally acute eyesight.
You are a herbivore.
You cover ground extremely quickly.
You need consume almost no food.


Message History

Confirm with . or Enter, or press ? or * to list all spells.
Aiming: Ensorcelled Hibernation
Press: ? - help, Shift-Dir - straight line, f - electric eel
Aim: an electric eel The electric eel resists with significant effort.
Casting: Ensorcelled Hibernation
Confirm with . or Enter, or press ? or * to list all spells.
Aiming: Ensorcelled Hibernation
Press: ? - help, Shift-Dir - straight line, f/p - electric eel
Aim: an electric eel (water, umbra)
The electric eel looks drowsy...
The shark misses you. The shark completely misses you.
Why would you want to do that?
Your unstable footing causes you to fumble your attack.
The shark bites you! The shark barely misses you.
The electric eel shoots out a bolt of electricity!
The bolt of electricity hits you!
* * * LOW HITPOINT WARNING * * *
The bolt of electricity hits you!
You die...

#### .##.......
#.#.....P.%.
#..P.≈≈≈.......
#...≈≈≈≈≈P......
#.P.≈≈≈≈≈........
#....≈≈≈≈≈........
#....≈;≈≈≈≈P.......
#...@≈;≈≈≈.........
###.PP≈≈≈≈.P...)...
##P.≈≈≈..........
#.P...............
##PPP.P..P........
#.......P.P......
######..P≈≈≈.....
##P.≈≈≈≈≈PP..
##...≈≈≈≈≈≈...


You could see a shark (frenzied) and an electric eel.

Vanquished Creatures
  The ghost of Turgon the Martial Artist, an experienced DsWz of Ashenzari (D:7)
  Grinder (D:5)
  Psyche (D:9)
  A shark (D:9)
  3 orc warriors
  3 phantoms
  9 ogres
  2 sky beasts
  A yellow wasp (D:7)
  2 ice beasts
  A necrophage (D:6)
  6 centaurs
  A big kobold (D:8)
  Duvessa (D:8)
  A giant frog (D:7)
  3 eyes of draining (D:8)
  11 killer bees
  18 wights
  2 electric eels (D:9)
  4 crimson imps
  4 hounds
  Dowan (D:8)
  A goliath beetle (D:6)
  A giant frog skeleton (D:8)
  4 jellies
  5 orc priests
  2 big fish (D:9)
  4 orc wizards
  4 iguanas
  2 worker ants
  Ijyb (D:5)
  4 gnolls (D:4)
  3 adders
  A giant mite (D:3)
  2 shadow imps
  4 worms
  2 orc skeletons
  3 giant geckos
  4 oozes
  22 orcs
  A ball python (D:6)
  9 bats
  A bat skeleton (D:4)
  7 giant cockroaches
  10 goblins
  12 hobgoblins
  6 jackals (D:1)
  13 kobolds
  3 quokkas
  2 giant gecko skeletons
  7 giant newts
  A giant spore (D:7)
  A goblin skeleton (D:5)
  A kobold skeleton (D:4)
  6 rats
  A rat skeleton (D:4)
  2 ballistomycetes (D:7)
229 creatures vanquished.

Vanquished Creatures (others)
  A ballistomycete (D:7)
1 creature vanquished.

Grand Total: 230 creatures vanquished

Notes
Turn   | Place    | Note
--------------------------------------------------------------
     0 | D:1      | Econoterrorist, the Spriggan Enchanter, began the quest for the Orb.
     0 | D:1      | Reached XP level 1. HP: 9/9 MP: 4/4
   212 | D:1      | Reached skill level 5 in Stealth
   256 | D:1      | Reached XP level 2. HP: 10/13 MP: 5/7
   329 | D:1      | Found a sparkling altar of Nemelex Xobeh.
   359 | D:1      | Learned a level 2 spell: Ensorcelled Hibernation
   707 | D:1      | Reached skill level 6 in Stealth
  1041 | D:2      | Reached XP level 3. HP: 16/16 MP: 9/9
  1046 | D:2      | Learned a level 3 spell: Confuse
  1913 | D:3      | Reached skill level 7 in Stealth
  2347 | D:3      | Reached XP level 4. HP: 21/21 MP: 9/12
  2709 | D:4      | Reached skill level 8 in Stealth
  3143 | D:4      | Noticed an ogre
  3152 | D:4      | Killed an ogre
  3152 | D:4      | Reached skill level 5 in Spellcasting
  3152 | D:4      | Reached XP level 5. HP: 24/24 MP: 8/19
  3178 | D:4      | Found a glowing silver altar of Zin.
  3194 | D:4      | Noticed a phantom
  3217 | D:4      | Noticed a phantom
  3249 | D:4      | Killed a phantom
  3249 | D:4      | Reached XP level 6. HP: 22/28 MP: 3/22
  3306 | D:4      | Noticed an ogre
  3373 | D:4      | Killed an ogre
  3397 | D:4      | Noticed an ogre
  3402 | D:4      | Killed an ogre
  3402 | D:4      | Reached skill level 5 in Hexes
  3542 | D:4      | Reached XP level 7. HP: 32/32 MP: 21/24
  3655 | D:4      | Found a basalt altar of Yredelemnul.
  3655 | D:4      | Found a deep blue altar of Sif Muna.
  3656 | D:4      | Found a burning altar of Makhleb.
  3726 | D:4      | Killed a phantom
  3961 | D:4      | Noticed an ogre
  3966 | D:4      | Killed an ogre
  4135 | D:5      | Entered Level 5 of the Dungeon
  4320 | D:5      | Noticed Ijyb
  4328 | D:5      | Killed Ijyb
  4462 | D:5      | Noticed Grinder
  4478 | D:5      | Killed Grinder
  4478 | D:5      | Reached XP level 8. HP: 32/36 MP: 20/25
  4749 | D:5      | Reached skill level 5 in Short Blades
  5367 | D:6      | Found a shattered altar of Ashenzari.
  5527 | D:6      | Reached XP level 9. HP: 39/39 MP: 26/26
  5582 | D:6      | Reached skill level 9 in Short Blades
  5686 | D:6      | Reached skill level 10 in Short Blades
  6091 | D:7      | Noticed Turgon's ghost (experienced DsWz)
  6128 | D:6      | Reached skill level 5 in Dodging
  6785 | D:7      | Learned a level 4 spell: Enslavement
  6811 | D:7      | Killed Turgon's ghost
  7465 | D:7      | Reached skill level 10 in Dodging
  7667 | D:7      | Reached XP level 10. HP: 44/44 MP: 24/28
  7959 | D:7      | Found Empimul's Armour Boutique.
  8067 | D:7      | Found a staircase to the Ecumenical Temple.
  8076 | Temple   | Entered the Ecumenical Temple
  8123 | Temple   | Became a worshipper of Dithmenos the Shadowed
  8215 | D:8      | Found Anaevvil's Jewellery Shoppe.
  8224 | D:8      | Bought a cursed -4 ring of evasion for 24 gold pieces
  8224 | D:8      | Bought a cursed -4 ring of protection for 24 gold pieces
  8263 | D:8      | Reached skill level 10 in Stealth
  8536 | D:8      | Found Mouxouhaasch's Armour Emporium.
  8584 | D:8      | Found a burning altar of Makhleb.
  8589 | D:8      | Noticed Dowan
  8592 | D:8      | Noticed Duvessa
  8598 | D:8      | Killed Dowan
  8963 | D:8      | Reached skill level 11 in Stealth
  8969 | D:8      | Killed Duvessa
  9093 | D:8      | Found Reopeab's Book Boutique.
  9193 | D:8      | Found a bloodstained altar of Trog.
  9207 | D:8      | Reached skill level 12 in Stealth
  9379 | D:9      | Noticed Psyche
  9388 | D:9      | Killed Psyche
  9452 | D:9      | Found Fuxt's Antique Weapon Emporium.
  9492 | D:9      | Acquired Dithmenos' first power
  9704 | D:9      | Reached skill level 13 in Stealth
  9777 | D:9      | Killed from afar by an electric eel

Action                   |  1- 3 |  4- 6 |  7- 9 | 10-12 || total
-------------------------+-------+-------+-------+-------++-------
Melee: Dagger            |   140 |    73 |    43 |       ||   256
       Cutlass           |       |       |   190 |   115 ||   305
 Cast: Corona            |     2 |       |       |       ||     2
       Ensorcelled Hiber |    15 |    26 |    84 |    74 ||   199
       Confuse           |       |     8 |    44 |     6 ||    58
       Enslavement       |       |       |       |     1 ||     1
Evoke: Wand              |       |       |     2 |     2 ||     4
  Use: Scroll            |     3 |     4 |       |       ||     7
       Potion            |       |     2 |       |       ||     2
 Stab: Sleeping          |    17 |    16 |    55 |    47 ||   135
       Confused          |       |     3 |    25 |     4 ||    32
       Distracted        |       |     1 |     2 |     1 ||     4
